 Dungeon Crawl Stone Soup version 0.25-a0-1133-g93ebf739aa (webtiles) character file.

Game seed: 14190605221170527865, levelgen mode: deterministic

278 vurker the Ruffian (level 6, -5/51 HPs)
             Began as a Ghoul Warper on May 22, 2020.
             Slain by an ogre
             ... wielding a +0 giant spiked club
              (17 damage)
             ... on level 6 of the Dungeon.
             The game lasted 00:03:47 (3193 turns).

vurker the Ruffian (Ghoul Warper)                   Turns: 3193, Time: 00:03:47

Health: -5/51      AC:  6    Str: 23    XL:     6   Next: 26%
Magic:  7/7        EV: 11    Int:  8    God:
Gold:   106        SH:  0    Dex:  8    Spells: 8/8 levels left

rFire    . . .     SeeInvis .     - Unarmed
rCold    + . .     Gourm    .   (no shield)
rNeg     + + +     Faith    .   o - +0 ring mail
rPois    ∞         Spirit   .   a - +0 helmet
rElec    .         Reflect  .   (no cloak)
rCorr    .         Harm     .   (no gloves)
MR       .....                  (no boots)
Stlth    ..........             m - amulet of the acrobat
HPRegen  0.00/turn              k - +6 ring of strength
MPRegen  0.10/turn              (no ring)

@: rotting
A: rotting body, claws 1, carnivore, cold resistance 1, negative energy
resistance 3, inhibited regeneration, torment resistance, unbreathing
a: no special abilities


You were on level 6 of the Dungeon.
You were not hungry.

You visited 1 branch of the dungeon, and saw 5 of its levels.

You collected 106 gold pieces.

Inventory:

Missiles
 d - 5 boomerangs of dispersal (quivered)
Armour
 a - a +0 helmet (worn)
   (You took it off Robin on level 2 of the Dungeon)
 o - a +0 ring mail (worn)
   (You found it on level 2 of the Dungeon)
Jewellery
 k - a +6 ring of strength (left claw)
   (You found it on level 1 of the Dungeon)
 m - an amulet of the acrobat (around neck)
   (You found it on level 2 of the Dungeon)
Scrolls
 c - a scroll of blinking
 j - 5 scrolls of identify {unknown}
 l - 2 scrolls of enchant armour {unknown}
 p - a scroll of remove curse {unknown}
 s - a scroll of noise {unknown}
Potions
 b - a potion of stabbing {unknown}
 f - a potion of flight {unknown}
 g - a potion of berserk rage {unknown}
 h - 5 potions of curing {unknown}
 i - 2 potions of brilliance {unknown}
 n - a potion of haste {unknown}
 r - a potion of resistance {unknown}
Comestibles
 e - 5 rations
 q - 4 chunks of flesh


   Skills:
 + Level 3.6 Fighting
 - Level 0.8 Throwing
 + Level 2.4 Armour
 + Level 3.0 Dodging
 * Level 4.8 Unarmed Combat
 - Level 1.7 Spellcasting
   Level 2.6 Translocations


You had 8 spell levels left.
You didn't know any spells.
Your spell library contained the following spells:

 Spells                   Type           Power        Failure   Level  Hunger
 Blink                    Tloc           N/A          28%         2    ###....
 Shroud of Golubria       Chrm/Tloc      #.....       45%         2    ###....
 Gell's Gravitas          Tloc           #.........   50%         3    ####...
 Lesser Beckoning         Tloc           #.........   50%         3    ####...
 Teleport Other           Tloc           #.......     50%         3    ####...
 Passage of Golubria      Tloc           N/A          88%         4    #####..


Dungeon Overview and Level Annotations

Branches:
Dungeon (6/15)
 Temple: D:4-7

Altars:


Innate Abilities, Weirdness & Mutations

Your body is rotting away.
You thrive on raw meat.
You are immune to poison.
You have sharp fingernails.
You are carnivorous and can eat meat at any time.
Your flesh is cold resistant. (rC+)
You are immune to negative energy. (rN+++)
You do not regenerate when monsters are visible.
You are immune to unholy pain and torment.
You can survive without breathing.


Message History

Your Dodging skill increases to level 3!
You have reached level 6!
Your experience leads to an increase in your attributes!
Your base attributes are Str 16, Int 8, Dex 8.
Increase (S)trength, (I)ntelligence, or (D)exterity?
You feel stronger. The orc hits you but does no damage.
You scratch the orc. The orc hits you but does no damage.
You barely miss the orc. The orc closely misses you.
You closely miss the orc. The orc hits you.
You closely miss the orc. The orc hits you but does no damage.
You scratch the orc but do no damage. The orc closely misses you.
You claw the orc!
You kill the orc!
You see here a bullfrog corpse.
You butcher the bullfrog corpse.
q - 4 chunks of flesh You see here a bullfrog skeleton.
Found a ration.
e - 5 rations (gained 1)
Found a viscous red potion.
r - a viscous red potion
Found a golden potion.
h - 5 golden potions (gained 1)
Found a scroll labeled MARIJU VUAXE.
Found a stone staircase leading up.
s - a scroll labeled MARIJU VUAXE
There is a stone staircase leading up here.
You climb upwards.
The ogre shouts!
A giant cockroach comes into view.
You hear a bark!
There is a stone staircase leading down here.
A jackal comes into view.
An orc comes into view. It is wielding a +0 club.
You can't go up here!
The orc shouts!
You hear a bark!
The ogre hits you with a +0 giant spiked club!
You climb downwards.
There is a stone staircase leading up here.
You barely miss the ogre. The ogre closely misses you.
You completely miss the ogre. You claw the ogre!
The ogre hits you with a +0 giant spiked club!!
Ouch! That really hurt!
* * * LOW HITPOINT WARNING * * *
You aren't carrying any items that you can evoke.
Unknown command.
You scratch the ogre.
The ogre hits you with a +0 giant spiked club!
You die...

....#....#...........#.
....#....#...........# .
##.#..#.##.##.##...### ..
#############.########...
#.............
#.............
#.............
#.............
#...O@........
##############


You could see an ogre.

Vanquished Creatures
  A bullfrog (D:6)
  A centaur skeleton (D:2)
  Natasha (twice) (D:3)
  Robin (D:2)
  5 adders
  A gnoll (D:1)
  A worm (D:2)
  4 dart slugs
  2 orcs
  6 giant cockroaches
  11 goblins
  4 hobgoblins
  3 jackals
  6 kobolds
  2 quokkas (D:2)
  2 ball pythons (D:2)
  5 bats
  3 frilled lizards
  7 rats
67 creatures vanquished.

Notes
Turn   | Place    | Note
-------+----------+-------------------------------------------
     0 | D:1      | vurker the Ghoul Warper began the quest for the Orb.
     0 | D:1      | Reached XP level 1. HP: 17/17 MP: 2/2
    49 | D:1      | Reached skill level 1 in Armour
    49 | D:1      | Reached XP level 2. HP: 19/25 MP: 3/3
   368 | D:1      | Reached XP level 3. HP: 29/29 MP: 4/4
   457 | D:1      | Reached skill level 3 in Unarmed Combat
  1369 | D:2      | Reached XP level 4. HP: 21/37 MP: 5/5
  1707 | D:2      | Noticed Robin
  1743 | D:2      | Killed Robin
  2067 | D:2      | Reached XP level 5. HP: 38/45 MP: 6/6
  2617 | D:3      | Reached skill level 4 in Unarmed Combat
  2694 | D:3      | Noticed Natasha
  2705 | D:3      | Killed Natasha
  2707 | D:3      | Noticed Natasha
  2721 | D:3      | Killed Natasha
  2979 | D:3      | You fall into a shaft and drop 3 floors!
  3020 | D:6      | Reached XP level 6. HP: 37/51 MP: 7/7
  3184 | D:5      | Entered Level 5 of the Dungeon
  3193 | D:6      | Slain by an ogre

Illustrated notes

Levels and vault maps discovered:
D:1:      evilmike_arrival_rings, layout_rooms, st_stairs_4
D:2:      layout_basic, uniq_robin
D:3:      layout_rooms, first_ration, uniq_terence, uniq_natasha
D:5:      minmay_chambers_of_fours, layout_basic, lemuel_angel_altar
D:6:      cheibrodos_helix_gallery, layout_gridville, minmay_misc_feat_five,
          uniq_blork_the_orc

Skill      XL: |  1  2  3  4  5 |
---------------+----------------+-----
Armour         | 1 2 |  2.4
Dodging        | 2 3 |  3.0
Unarmed Combat | 3 4 |  4.8
Fighting       | 3 |  3.6
Throwing       | |  0.8
Spellcasting   | |  1.7
Translocations | |  2.6

Action                   |  1- 3 |  4- 6 || total
-------------------------+-------+-------++-------
Melee: Unarmed           |   107 |   135 ||   242
  Eat: Chunk             |     2 |     3 ||     5
       Ration            |       |     1 ||     1
Armor: Leather armour    |    17 |       ||    17
       Ring mail         |       |    37 ||    37
Dodge: Dodged            |    54 |    76 ||   130

Table legend:
 A = Non-vault XP
 B = Vault XP
 C = Vault XP percentage of total XP
 D = Non-vault monster count
 E = Vault monster count
 F = Vault count percentage of total count
                 A         B        C        D         E       F
            +---------+---------+-------+---------+---------+-------
      Total |     330 |      68 |  17.1 |      56 |      11 |  16.4
            +---------+---------+-------+---------+---------+-------
        D:1 |      42 |       5 |  10.6 |      16 |       3 |  15.8
        D:2 |     103 |      28 |  21.4 |      25 |       7 |  21.9
        D:3 |      92 |      35 |  27.6 |      13 |       1 |   7.1
        D:6 |      93 |       0 |   0.0 |       2 |       0 |   0.0
            +---------+---------+-------+---------+---------+-------
